 Dungeon Crawl Stone Soup version 0.25.1-2-g60ff931df9 (webtiles) character file.

Game seed: 11509824580859571677

0 Descartes the Vexing (level 1, 0/7 HPs)
             Began as a Felid Enchanter on Aug 8, 2020.
             Slain by a goblin (3 damage)
             ... on level 1 of the Dungeon.
             The game lasted 00:00:13 (58 turns).

Descartes the Vexing (Felid Enchanter)                Turns: 58, Time: 00:00:13

Health: 0/7        AC:  1    Str:  4    XL:     1   Next: 8%
Magic:  4/4        EV: 18    Int: 16    God:
Gold:   8          SH:  0    Dex: 16    Spells: 3/4 levels left
                                        Lives:  0   Deaths: 0

rFire    . . .     SeeInvis +     - Unarmed
rCold    . . .     Gourm    .   (shield unavailable)
rNeg     . . .     Faith    .   (armour unavailable)
rPois    .         Spirit   .   (helmet unavailable)
rElec    .         Reflect  .   (cloak unavailable)
rCorr    .         Harm     .   (gloves unavailable)
MR       .....                  (boots unavailable)
Stlth    +++.......             (no amulet)
HPRegen  0.02/turn              (no ring)
MPRegen  0.09/turn              (no ring)

@: quick
A: very small, no armour, no weapons or thrown items, stealth, claws 1, fangs 3,
see invisible, carnivore, speed 1, shaggy fur 1, slow metabolism 1, sharp paws
a: no special abilities


You were on level 1 of the Dungeon.
You were not hungry.

You visited 1 branch of the dungeon, and saw 1 of its levels.

You collected 8 gold pieces.

Inventory:

Missiles
 d - 24 stones
Scrolls
 c - a scroll of fog {unknown}
 e - a scroll of noise {unknown}
Potions
 a - a potion of berserk rage {unknown}
Comestibles
 b - 2 rations


   Skills:
 - Level 2.6 Dodging
 + Level 4.1 Stealth
 - Level 1.0 Unarmed Combat
 - Level 2.0 Spellcasting
 - Level 4.4 Hexes


You had 3 spell levels left.
You knew the following spells:

 Your Spells              Type           Power        Failure   Level  Hunger
a - Corona                Hex            ###....      3%          1    #......

Your spell library contained the following spells:

 Spells                   Type           Power        Failure   Level  Hunger
 Confusing Touch          Hex            ###.....     11%         3    ###....
 Tukima's Dance           Hex            ###.....     11%         3    ###....
 Ensorcelled Hibernation  Hex/Ice        #.....       13%         2    ###....
 Dazzling Flash           Conj/Hex       #.....       26%         3    ###....


Dungeon Overview and Level Annotations

Branches:
Dungeon (1/15)

Altars:


Innate Abilities, Weirdness & Mutations

You cannot wear armour.
You are incapable of wielding weapons or throwing items.
Your paws allow you to move quietly. (Stealth)
You have sharp claws.
You have razor-sharp teeth.
You have supernaturally acute eyesight. (SInv)
You are carnivorous and can eat meat at any time.
You cover ground quickly.
You are covered in fur. (AC +1)
You have a slow metabolism.
Your sharp claws are effective at attacking unaware monsters.


Message History

2 frilled lizards and a goblin come into view.
The frilled lizard hisses angrily.
Found a stone staircase leading down.
The goblin shouts!
You scratch the frilled lizard.
You kill the frilled lizard!
The goblin completely misses you.
You barely miss the goblin. The goblin closely misses you.
You closely miss the goblin. The goblin hits you.
You barely miss the goblin.
The frilled lizard hisses angrily.
The goblin completely misses you.
You scratch the goblin.
The goblin is severely wounded.
The goblin hits you but does no damage.
You scratch the goblin but do no damage.
You bite the goblin, but do no damage.
The goblin is severely wounded.
The frilled lizard bites you. The goblin hits you.
You die...

....... ..........
#..>..$..............#
#......%... .........#
#.........# ##.#.....#
#.........# #.##....#
##........# #.###....
#.........####.######.
#...l................#
#...g@..........####..
#.........##.##...###.
#.........##.####.....
##.......###.# ##...
##.....## #.# ##
####### #.# #.# #.#
#.#


You could see a goblin and a frilled lizard.

Vanquished Creatures
  A frilled lizard (D:1)
1 creature vanquished.

Notes
Turn   | Place    | Note
-------+----------+-------------------------------------------
     0 | D:1      | Descartes the Felid Enchanter began the quest for the Orb.
     0 | D:1      | Reached XP level 1. HP: 7/7 MP: 4/4
    58 | D:1      | Slain by a goblin

Illustrated notes

Levels and vault maps discovered:
D:1:      eino_arrival_water_star, layout_rooms

Action                   || total
-------------------------++-------
Melee: Unarmed           ||     6
       Bite              ||     1
Armor: Skin              ||     1
Dodge: Dodged            ||     3
